Map: Agria Valley

Players

wasp

  • Race: Protoss Protoss
  • Spawn Location: 11:00

NamroodTuo - Winner!

  • Race: Zerg Zerg

VOD

Have the link to the VOD?

Description

Time

  • Played on: Jan. 21, 2023, 9:28 a.m.
  • Length: 10:21
Show
View Real Time Build Order
Export as new Build Order

wasp Protoss 

Build Orders:  

Get SALT Encoding   

  12  0:00  Unknown x2  
  12  0:03  Unknown  
  12  0:19  Pylon  
  12  0:30  Pylon  
  12  0:33  Pylon  
  12  0:44  Gateway  
  12  1:09  Probe  
  12  1:13  Assimilator  
  12  1:17  Probe  
  13  1:24  Probe, Assimilator  
  14  1:32  Probe  
  18  1:40  Probe  
  19  1:51  Probe, Gateway  
  19  1:59  Probe, Unknown  
  23  2:22  Unknown  
  27  2:53  Probe  
  28  3:02  Probe  
  28  3:07  Unknown x2  
  28  3:10  Probe  
  33  3:17  Forge  
  33  3:18  Probe  
  35  3:30  Unknown x2  
  39  3:45  Cybernetics Core  
  39  3:48  Pylon  
  39  3:51  Pylon  
  39  3:54  Unknown x2  
  43  4:26  Unknown  
  43  4:41  Unknown x2, Pylon  
  43  4:44  Pylon  
  47  4:54  Pylon  
  47  5:03  Nexus  
  47  5:04  Unknown x2  
  47  5:07  Unknown  
  47  5:35  Robotics Facility  
  47  5:44  Twilight Council  
  47  5:54  Pylon  
  47  5:56  Pylon  
  47  5:59  Pylon  
  47  6:06  Pylon  
  47  6:29  Unknown x2  
  51  6:53  Unknown x2  
  53  7:16  Unknown x2  
  39  7:40  Unknown x2  
  31  8:03  Unknown  
  31  8:04  Unknown  
  39  8:27  Unknown x2  
  39  8:33  Unknown  
  5  8:54  Unknown  
  6  9:28  Unknown  
  6  9:39  Unknown  
Show
View Real Time Build Order
Export as new Build Order

NamroodTuo Zerg - Winner!

Build Orders:  

Get SALT Encoding   

  12  0:00  Unknown x3  
  13  0:11  Unknown  
  13  0:12  Unknown  
  13  0:13  Unknown  
  15  0:22  Unknown  
  15  0:23  Unknown  
  15  0:25  Unknown  
  15  0:35  Unknown  
  15  0:40  Unknown  
  15  0:41  Unknown  
  15  0:46  Unknown  
  16  0:54  Unknown  
  17  0:57  Unknown  
  17  0:58  Unknown  
  17  0:59  Unknown  
  18  1:06  Unknown  
  18  1:07  Unknown  
  18  1:09  Unknown  
  18  1:11  Unknown x2  
  19  1:23  Unknown  
  19  1:28  Unknown  
  20  1:33  Unknown  
  21  1:41  Unknown  
  21  1:45  Unknown x2  
  22  1:54  Unknown  
  22  1:56  Unknown  
  22  1:57  Unknown  
  23  2:02  Unknown  
  23  2:08  Unknown x4  
  23  2:09  Unknown x5  
  23  2:11  Unknown  
  23  2:16  Unknown  
  23  2:19  Unknown  
  24  2:28  Unknown  
  25  2:30  Unknown x8  
  25  2:31  Unknown  
  25  2:34  Unknown  
  25  2:39  Unknown  
  25  2:41  Unknown  
  25  2:49  Unknown  
  25  2:50  Unknown  
  29  2:51  Unknown x12  
  29  2:52  Unknown x4  
  29  2:55  Unknown  
  30  3:07  Unknown x2  
  30  3:13  Unknown x17  
  30  3:26  Unknown  
  30  3:27  Unknown  
  30  3:28  Unknown  
  30  3:32  Unknown  
  30  3:33  Unknown x9  
  30  3:34  Unknown x17  
  30  3:39  Unknown  
  30  3:44  Unknown  
  30  3:45  Unknown x3  
  30  3:51  Unknown  
  30  3:56  Unknown x16  
  30  3:57  Unknown x2  
  30  3:59  Unknown  
  30  4:02  Unknown  
  30  4:08  Unknown  
  30  4:12  Unknown  
  30  4:14  Unknown  
  30  4:17  Unknown x16  
  30  4:19  Unknown  
  30  4:23  Unknown  
  34  4:25  Unknown  
  34  4:31  Unknown  
  34  4:37  Unknown  
  34  4:38  Unknown x4  
  34  4:39  Unknown x14  
  34  4:42  Unknown  
  34  4:48  Unknown  
  34  4:51  Unknown x3  
  34  4:52  Unknown  
  38  4:54  Unknown  
  38  4:59  Unknown  
  38  5:00  Unknown x16  
  38  5:01  Unknown  
  38  5:03  Unknown  
  38  5:04  Unknown x4  
  38  5:05  Unknown  
  38  5:07  Unknown  
  38  5:11  Unknown  
  38  5:13  Unknown  
  38  5:15  Unknown  
  38  5:17  Unknown  
  38  5:19  Unknown  
  38  5:21  Unknown x13  
  38  5:22  Unknown x8  
  38  5:24  Unknown  
  38  5:25  Unknown x3  
  38  5:28  Unknown  
  41  5:30  Unknown  
  41  5:34  Unknown  
  41  5:36  Unknown x2  
  41  5:37  Unknown x3  
  41  5:39  Unknown  
  41  5:41  Unknown x2  
  41  5:43  Unknown x16  
  41  5:45  Unknown  
  41  5:46  Unknown  
  41  5:47  Unknown  
  41  5:51  Unknown x2  
  41  5:52  Unknown x5  
  41  5:53  Unknown x5  
  41  5:57  Unknown x2  
  41  5:58  Unknown  
  41  5:59  Unknown  
  41  6:00  Unknown  
  41  6:01  Unknown x2  
  41  6:02  Unknown x7  
  41  6:03  Unknown x6  
  41  6:04  Unknown x19  
  41  6:07  Unknown x2  
  41  6:08  Unknown  
  41  6:10  Unknown  
  41  6:11  Unknown x2  
  41  6:12  Unknown x3  
  41  6:13  Unknown x2  
  41  6:14  Unknown  
  41  6:16  Unknown x2  
  41  6:17  Unknown x6  
  41  6:18  Unknown x3  
  41  6:19  Unknown x4  
  41  6:20  Unknown x6  
  41  6:21  Unknown x4  
  41  6:22  Unknown x6  
  41  6:23  Unknown x3  
  41  6:24  Unknown x3  
  41  6:25  Unknown x7  
  41  6:26  Unknown x19  
  41  6:27  Unknown x7  
  41  6:28  Unknown x3  
  41  6:29  Unknown x3  
  41  6:30  Unknown x6  
  41  6:31  Unknown  
  41  6:33  Unknown x7  
  41  6:34  Unknown x3  
  41  6:35  Unknown x3  
  41  6:36  Unknown x6  
  41  6:37  Unknown x4  
  41  6:38  Unknown x7  
  41  6:39  Unknown x8  
  41  6:40  Unknown x7  
  41  6:41  Unknown x6  
  41  6:42  Unknown x6  
  41  6:43  Unknown x7  
  41  6:44  Unknown x4  
  41  6:45  Unknown x3  
  41  6:46  Unknown x6  
  41  6:47  Unknown x16  
  41  6:48  Unknown  
  41  6:50  Unknown  
  41  6:54  Unknown  
  49  6:55  Unknown  
  49  6:56  Unknown  
  49  6:59  Unknown  
  49  7:01  Unknown  
  49  7:05  Unknown  
  49  7:06  Unknown x2  
  49  7:07  Unknown x4  
  54  7:08  Unknown x7  
  54  7:09  Unknown x13  
  54  7:10  Unknown x6  
  54  7:11  Unknown x4  
  54  7:13  Unknown  
  54  7:17  Unknown  
  54  7:18  Unknown  
  54  7:19  Unknown x5  
  54  7:22  Unknown  
  54  7:24  Unknown  
  54  7:25  Unknown x2  
  54  7:28  Unknown  
  54  7:30  Unknown x22  
  54  7:32  Unknown  
  54  7:33  Unknown  
  54  7:34  Unknown  
  54  7:36  Unknown  
  54  7:37  Unknown  
  54  7:39  Unknown x2  
  54  7:41  Unknown  
  54  7:42  Unknown  
  54  7:43  Unknown x15  
  70  7:45  Unknown x3  
  70  7:46  Unknown x2  
  70  7:47  Unknown x18  
  70  7:48  Unknown x6  
  70  7:49  Unknown x9  
  70  7:50  Unknown x10  
  70  7:51  Unknown x17  
  70  7:52  Unknown x13  
  70  7:53  Unknown x4  
  70  7:54  Unknown x3  
  70  7:55  Unknown x7  
  70  7:56  Unknown x12  
  70  7:57  Unknown x7  
  70  7:58  Unknown x3  
  70  7:59  Unknown x4  
  70  8:00  Unknown x7  
  70  8:01  Unknown x3  
  70  8:02  Unknown x2  
  70  8:04  Unknown  
  70  8:07  Unknown x2  
  70  8:08  Unknown  
  70  8:10  Unknown x2  
  70  8:11  Unknown  
  70  8:13  Unknown x19  
  70  8:14  Unknown x9  
  70  8:15  Unknown  
  70  8:16  Unknown  
  70  8:19  Unknown x2  
  70  8:20  Unknown x3  
  70  8:21  Unknown x3  
  70  8:23  Unknown  
  70  8:24  Unknown  
  70  8:25  Unknown x2  
  70  8:26  Unknown x4  
  70  8:27  Unknown x9  
  78  8:28  Unknown x4  
  78  8:29  Unknown x6  
  78  8:30  Unknown x7  
  78  8:31  Unknown x6  
  78  8:32  Unknown x24  
  78  8:33  Unknown x5  
  78  8:34  Unknown x43  
  87  8:35  Unknown x7  
  87  8:36  Unknown x33  
  87  8:37  Unknown x11  
  87  8:38  Unknown x16  
  87  8:39  Unknown x9  
  87  8:40  Unknown x9  
  87  8:41  Unknown x14  
  83  8:42  Unknown x11  
  83  8:43  Unknown x15  
  83  8:44  Unknown x10  
  83  8:45  Unknown x11  
  83  8:46  Unknown x16  
  83  8:47  Unknown x11  
  83  8:48  Unknown x15  
  83  8:49  Unknown x10  
  83  8:50  Unknown x14  
  83  8:51  Unknown x3  
  83  8:52  Unknown x6  
  83  8:53  Unknown x6  
  83  8:54  Unknown x19  
  83  8:55  Unknown x18  
  83  8:56  Unknown x62  
  83  8:57  Unknown x26  
  83  8:58  Unknown x7  
  83  8:59  Unknown x14  
  83  9:00  Unknown x38  
  83  9:01  Unknown x10  
  83  9:02  Unknown x9  
  114  9:03  Unknown x6  
  114  9:04  Unknown x8  
  114  9:05  Unknown x9  
  114  9:06  Unknown x20  
  114  9:07  Unknown x5  
  114  9:08  Unknown x6  
  114  9:09  Unknown x5  
  114  9:10  Unknown x5  
  114  9:11  Unknown x4  
  114  9:12  Unknown x7  
  114  9:13  Unknown x9  
  114  9:14  Unknown x3  
  114  9:15  Unknown x2  
  114  9:16  Unknown x4  
  114  9:17  Unknown x36  
  114  9:18  Unknown x4  
  114  9:19  Unknown x3  
  114  9:20  Unknown  
  114  9:21  Unknown x5  
  114  9:22  Unknown x4  
  114  9:23  Unknown x2  
  114  9:24  Unknown x3  
  114  9:25  Unknown x2  
  114  9:26  Unknown x3  
  114  9:27  Unknown x3  
  114  9:28  Unknown x7  
  114  9:29  Unknown  
  114  9:30  Unknown x3  
  114  9:31  Unknown x2  
  111  9:32  Unknown  
  111  9:33  Unknown x4  
  111  9:34  Unknown x8  
  111  9:35  Unknown x7  
  111  9:36  Unknown x10  
  111  9:37  Unknown x7  
  110  9:38  Unknown x10  
  110  9:39  Unknown x40  
  110  9:40  Unknown  
  110  9:41  Unknown x8  
  110  9:42  Unknown x17  
  110  9:43  Unknown  
  110  9:44  Unknown x2  
  110  9:45  Unknown x5  
  110  9:46  Unknown  
  110  9:47  Unknown x2  
  110  9:48  Unknown x9  
  110  9:49  Unknown x3  
  110  9:50  Unknown  
  110  9:51  Unknown x2  
  93  9:52  Unknown  
  93  9:53  Unknown x15  
  93  9:54  Unknown x2  
  93  9:55  Unknown  
  93  9:56  Unknown  
  93  9:57  Unknown x10  
  93  9:58  Unknown  
  93  9:59  Unknown x4  
  84  10:00  Unknown x42  
  84  10:01  Unknown x2  
  84  10:02  Unknown x12  
  84  10:03  Unknown x2  
  84  10:04  Unknown x2  
  84  10:05  Unknown  
  84  10:06  Unknown  
  84  10:07  Unknown  
  84  10:08  Unknown x2  
  84  10:10  Unknown x2  
  84  10:11  Unknown x3  
  84  10:12  Unknown x5  
  84  10:13  Unknown x9  
  84  10:14  Unknown x8  
  84  10:15  Unknown x3  
  84  10:16  Unknown  
  84  10:17  Unknown  
  84  10:19  Unknown x3  
  62  10:21  Unknown x20  
Tags
 
Matchup
PvZ
Replay Pack
Multiplayer
Add a new tag
Caveats
  • Supply blocks, unpowered buildings, or Contaminate may cause inaccurate times.
  • Supply counts are checked every 10 seconds.